 Dungeon Crawl Stone Soup version 0.23.0-3-gf3c87f2 (webtiles) character file.

Game seed: 15810247561731439170

33 inmateoo the Ruffian (level 3, -2/30 HPs)
             Began as a Minotaur Skald on Feb 21, 2019.
             Slain by a goblin
             ... wielding a +0 club
             ... led by Robin
              (9 damage)
             ... on level 2 of the Dungeon.
             The game lasted 00:00:52 (938 turns).

inmateoo the Ruffian (Minotaur Skald)                Turns: 938, Time: 00:00:53

Health: -2/30      AC:  3    Str: 16    XL:     3   Next: 12%
Magic:  4/4        EV: 12    Int: 10    God:
Gold:   37         SH:  0    Dex:  9    Spells: 3/4 levels left

rFire    . . .     SeeInvis .     - Unarmed
rCold    . . .     Gourm    .   (no shield)
rNeg     . . .     Faith    .   a - +0 leather armour
rPois    .         Spirit   .   (helmet restricted)
rElec    .         Reflect  .   (no cloak)
rCorr    +         Harm     .   (no gloves)
MR       .....                  (no boots)
Stlth    +.........             (no amulet)
HPRegen  0.10/turn              i - ring of flight
MPRegen  0.09/turn              j - ring of resist corrosion

@: no status effects
A: retaliatory headbutt, horns 2
a: Evoke Flight


You were on level 2 of the Dungeon.
You were not hungry.

You visited 1 branch of the dungeon, and saw 2 of its levels.

You collected 37 gold pieces.

Inventory:

Missiles
 k - 4 javelins (quivered)
Armour
 a - a +0 leather armour (worn)
Jewellery
 i - a ring of flight (left hand)
 j - a ring of resist corrosion (right hand)
Scrolls
 d - 2 scrolls of remove curse {unknown}
 e - a scroll of teleportation {unknown}
 f - a scroll of amnesia {unknown}
 l - a scroll of identify {unknown}
Potions
 b - a potion of heal wounds {unknown}
 g - a potion of might {unknown}
 h - a potion of curing {unknown}
Comestibles
 c - 3 rations


   Skills:
 - Level 2.4 Fighting
 - Level 1.2 Armour
 - Level 2.1 Dodging
 + Level 4.0 Unarmed Combat
 - Level 1.3 Spellcasting
 - Level 2.0 Charms


You had 3 spell levels left.
You knew the following spells:

 Your Spells              Type           Power        Failure   Level  Hunger
a - Infusion              Chrm           #...         19%         1    ##.....

Your spell library contained the following spells:

 Spells                   Type           Power        Failure   Level  Hunger
 Song of Slaying          Chrm           #.......     26%         2    ###....
 Shroud of Golubria       Chrm/Tloc      #.........   38%         2    ###....
 Regeneration             Chrm/Necr      #.........   63%         3    ####...
 Spectral Weapon          Hex/Chrm       #.......     63%         3    ####...


Dungeon Overview and Level Annotations

Branches:
Dungeon (2/15)

Altars:
Nemelex Xobeh

Annotations:
D:2 Robin


Innate Abilities, Weirdness & Mutations

You reflexively headbutt those who attack you in melee.
You have a pair of horns on your head.


Message History

Unknown command.
You barely miss the hobgoblin. The goblin hits you but does no damage.
The hobgoblin hits you with a +0 club.
Unknown command.
You closely miss the hobgoblin. Your headbutt misses the hobgoblin.
The goblin misses you. The hobgoblin closely misses you.
You furiously retaliate!
You headbutt the hobgoblin.
Unknown command.
You hit the hobgoblin.
You kill the hobgoblin!
Your Unarmed Combat skill increases to level 4!
The goblin hits you with a +0 club.
* * * LOW HITPOINT WARNING * * *
Unknown command.
You hit the goblin.
You kill the goblin!
The goblin wields a +0 hunting sling.
The goblin shoots a stone.
The stone barely misses you.
The stone misses the goblin.
The stone closely misses the goblin.
The goblin hits you with a +0 club!
You die...

##.###########.### #.# #....#
#.# #..#.########### #.#####
#..#.##........# #.....#
#..#....g.# #####.# #..####.#.#
....... #.######...g.g.#g#
.......
#........g####.#.###.......
#.....(..gg@)g..)..#g..g...
#####.##############)#)#g.g....
#....................#.#ggg....
#.###..............###†#?g.....
#########...........gg.g...r.
#......##.########.#.#######.
#.#.##..................
#.#.##........######.#.#
#.#.##....†...# ......


You could see a hobgoblin and 3 goblins.

Vanquished Creatures
  A worm (D:2)
  A dart slug (D:1)
  2 bats
  5 giant cockroaches
  7 goblins
  3 hobgoblins
  2 frilled lizards (D:1)
  3 kobolds (D:1)
  2 rats
26 creatures vanquished.

Notes
Turn   | Place    | Note
-------+----------+-------------------------------------------
     0 | D:1      | inmateoo the Minotaur Skald began the quest for the Orb.
     0 | D:1      | Reached XP level 1. HP: 18/18 MP: 1/1
    81 | D:1      | Reached skill level 3 in Unarmed Combat
   123 | D:1      | Reached XP level 2. HP: 22/25 MP: 3/3
   807 | D:2      | Found a sparkling altar of Nemelex Xobeh.
   906 | D:2      | Noticed Robin
   919 | D:2      | Reached XP level 3. HP: 27/30 MP: 4/4
   937 | D:2      | Reached skill level 4 in Unarmed Combat
   938 | D:2      | Slain by a goblin

Skill      XL: |  1  2  3 |
---------------+----------+-----
Unarmed Combat | 3 4 |  4.0
Fighting       | |  2.4
Armour         | |  1.2
Dodging        | |  2.1
Spellcasting   | |  1.3
Charms         | |  2.0

Action                   || total
-------------------------++-------
Melee: Unarmed           ||    65
       Headbutt          ||     9
       Punch             ||     1
Armor: Leather armour    ||    24
Dodge: Dodged            ||    37
